 Dungeon Crawl Stone Soup version 0.27-a0-1378-gdefffd1ff6 (webtiles) character file.

Game seed: 6556573322168039521

99 nyamberluvr69 the Ducker (level 4, 22/22 HPs)
             Began as a Felid Berserker on June 29, 2021.
             Was a Priest of Trog.
             Quit the game on level 3 of the Dungeon.
             The game lasted 00:07:12 (3291 turns).

nyamberluvr69 the Ducker (Felid Berserker)          Turns: 3291, Time: 00:07:13

Health: 22/22      AC:  1    Str: 13    XL:     4   Next: 45%
Magic:  5/5        EV: 20    Int:  9    God:    Trog [***...]
Gold:   100        SH:  0    Dex: 16    Spells: 3/3 levels left
                                        Lives:  0   Deaths: 1

rFire    . . .     SeeInvis +     - Unarmed
rCold    . . .     Faith    .   (shield unavailable)
rNeg     . . .     Spirit   .   (armour unavailable)
rPois    .         Reflect  .   (helmet unavailable)
rElec    .         Harm     .   (cloak unavailable)
rCorr    .         Rampage  .   (gloves unavailable)
Will     .....                  (boots unavailable)
Stlth    +.........             (no amulet)
HPRegen  0.07/turn              (no ring)
MPRegen  0.09/turn              (no ring)

@: quick
A: very small, claws 1, fangs 3, see invisible, speed 1, shaggy fur 1, stealthy
paws, no weapons or thrown items, no armour, multi-lived
a: Renounce Religion, Berserk, Trog's Hand


You were on level 3 of the Dungeon.
You worshipped Trog.
Trog was most pleased with you.
You visited 1 branch of the dungeon, and saw 4 of its levels.

You collected 100 gold pieces.

Inventory:

Jewellery
 i - a +6 ring of dexterity
 n - a ring of fire
Wands
 j - a wand of digging (7)
Scrolls
 a - 2 scrolls of amnesia {unknown}
 b - 3 scrolls of identify {unknown}
 e - a scroll of blinking {unknown}
 f - a scroll of immolation {unknown}
 h - 3 scrolls of enchant armour {unknown}
 m - a scroll of enchant weapon {unknown}
Potions
 d - a potion of curing {unknown}
 g - a potion of degeneration {unknown}
 k - a potion of mutation {unknown}
 l - a potion of flight {unknown}
 o - a potion of resistance {unknown}


   Skills:
 + Level 4.3 Fighting
 + Level 5.7 Dodging
 + Level 4.3 Unarmed Combat


You had 3 spell levels left.
You didn't know any spells.
Your spell library was empty.

Dungeon Overview and Level Annotations

Branches:
Dungeon (4/15)
 Temple: D:4-7

Altars:


Innate Abilities, Weirdness & Mutations

You have sharp claws.
You have razor-sharp teeth.
You have supernaturally acute eyesight. (SInv)
You cover ground quickly. (Speed+)
You are covered in fur. (AC +1)
Your paws help you pounce on unaware monsters.
You are incapable of wielding weapons or throwing items.
You cannot wear armour.
You gain extra lives every three experience levels.


Message History

Found 6 gold pieces.
Found a hunting sling.
You feel your anger nearly subside.
You are no longer berserk.
You are exhausted.
You feel yourself slow down. The necrophage closely misses you.
You closely miss the necrophage. The necrophage misses you.
You scratch the necrophage.
The necrophage is lightly damaged.
The necrophage hits you. The necrophage misses you.
You claw the necrophage!
The necrophage is moderately damaged.
The necrophage misses you.
A bullfrog skeleton comes into view.
The necrophage closely misses you.
There is a stone staircase leading up here.
The necrophage hits you! The necrophage completely misses you.
You climb upwards.
There is a stone staircase leading down here.
Unknown command.
The necrophage barely misses you.
Things that are here:
a +0 leather armour; a +0 dagger The necrophage hits you!
* * * LOW HITPOINT WARNING * * *
You feel drained.
* * * LOW HITPOINT WARNING * * *
Okay, then.
Okay, then.
Unknown command.
Unknown command.
Unknown command.
It was a potion of attraction.
You feel attractive to monsters. The necrophage barely misses you.
The necrophage hits you.
You die...
You feel drained.
You are now level 4!
You rejoin the land of the living...
Are you sure you want to abandon this character and quit the game? (Confirm with "yes".)

##### ##...## ##.....##
########## #..<....#
.........####.......#
########<..##.......#
###.........## ####
####...@..)##########...
#.........[............†
#.##......)..........###
###.........############
##....#############
#..##.............#
###.###.#.####.####.# ##
#...###.#.#..#.#.⌠#.# #
.# ###..##.#.#..'.'..#.#
#


There were no monsters in sight!

Vanquished Creatures
  An orc priest (D:3)
  Crazy Yiuf (D:2)
  5 adders
  A worm (D:3)
  4 dart slugs
  7 orcs (D:3)
  4 endoplasms
  3 giant cockroaches
  7 goblins
  8 hobgoblins
  3 jackals (D:3)
  4 kobolds
  3 quokkas
  7 ball pythons
  8 bats
  4 frilled lizards
  3 rats
73 creatures vanquished.

Vanquished Creatures (others)
  4 fungi (D:2)
  A plant (D:1)
5 creatures vanquished.

Grand Total: 78 creatures vanquished

Notes
Turn   | Place    | Note
-------+----------+-------------------------------------------
     0 | D:1      | nyamberluvr69 the Felid Berserker began the quest for the
                  | Orb.
     0 | D:1      | Reached XP level 1. HP: 10/10 MP: 2/2
   175 | D:1      | Reached XP level 2. HP: 14/14 MP: 3/3
   563 | D:1      | Found a faded altar of an unknown god.
   991 | D:1      | Reached XP level 3. HP: 13/17 MP: 4/4
  1259 | D:2      | Reached ** piety under Trog
  1265 | D:2      | HP: 1/25 [poisoned by an adder]
  1704 | D:2      | Reached skill level 5 in Dodging
  1704 | D:2      | Reached XP level 4. HP: 21/22 MP: 5/5
  2096 | D:2      | Found a runed translucent door.
  2097 | D:2      | Noticed Crazy Yiuf
  2105 | D:2      | Killed Crazy Yiuf
  2636 | D:3      | Reached XP level 5. HP: 25/25 MP: 6/6
  3114 | D:3      | Reached *** piety under Trog
  3257 | D:4      | Noticed a necrophage
  3290 | D:3      | Slain by a necrophage
  3291 | D:3      | Reached XP level 4. HP: -2/20 MP: 5/5
  3291 | D:3      | Quit the game

Illustrated notes

Levels and vault maps discovered:
D:1:      matt_arrival_refuge, layout_basic,
          chequers_ecumenical_altar_simple_redux, kennysheep_boxes
D:2:      layout_basic, uniq_crazy_yiuf_cottage
D:3:      minmay_door_path, layout_rooms
D:4:      cheibrodos_barr_body, layout_cave_pools, serial_shops, shop

Skill      XL: |  1  2  3  4 |
---------------+-------------+-----
Dodging        | 5 |  5.7
Unarmed Combat | 4 |  4.3
Fighting       | 4 |  4.3

Action                   |  1- 3 |  4- 6 || total
-------------------------+-------+-------++-------
Melee: Unarmed           |    85 |    90 ||   175
       Bite              |     3 |     7 ||    10
       Punch             |     1 |     3 ||     4
Invok: Berserk           |     8 |     5 ||    13
  Use: Potion            |       |     1 ||     1
 Stab: Sleeping          |     1 |     5 ||     6
       Distracted        |     1 |       ||     1
Armor: Skin              |     8 |     2 ||    10
Dodge: Dodged            |    81 |    67 ||   148

Table legend: (Time is in decaauts)
 A = Elapsed time spent in this place.
 B = Non-inter-level travel time spent in this place.
 C = Inter-level travel time spent in this place.
 D = Time resting spent in this place.
 E = Time spent auto-exploring this place.
 F = Levels seen in this place.
 G = Mean time per level.
                   A        B        C        D        E       F      G
               +--------+--------+--------+--------+--------+-----+--------+
         Total |   3062 |   2989 |     73 |   1295 |   1160 |   4 |  765.5 |
       Dungeon |   3062 |   2989 |     73 |   1295 |   1160 |   4 |  765.5 |
               +--------+--------+--------+--------+--------+-----+--------+

Top non-repeatable levels by time:
     D:1: 1152 daAuts
     D:2: 1083 daAuts
     D:3: 800 daAuts
     D:4: 26 daAuts
